 Dungeon Crawl Stone Soup version 0.30-a0-365-ge7f957f1db (webtiles) character file.

Game seed: 10591823365465971085

22355 gruber the Black Belt (level 12, -5/85 HPs)
             Began as an Octopode Monk on Nov 16, 2022.
             Was the Champion of Cheibriados.
             Shot with a bolt by a yaktaur captain (38 damage)
             ... on level 13 of the Dungeon.
             The game lasted 00:15:28 (11700 turns).

gruber the Black Belt (Octopode Monk)              Turns: 11700, Time: 00:15:29

Health: -5/85      AC:  5    Str: 26    XL:     12   Next: 99%
Magic:  0/12       EV: 24    Int: 31    God:    Cheibriados [******]
Gold:   885        SH:  0    Dex: 36    Spells: 11/11 levels left

rFire   . . .      SeeInvis .      - Unarmed
rCold   + + .      Faith    .    (no shield)
rNeg    . . .      Spirit   +    (helmet restricted)
rPois   +          Reflect  .    s - amulet "Zijasaba" {Spirit Drain Regen+ rCorr Dex+6}
rElec   .          Harm     .    f - ring of protection from cold
rCorr   +          Rampage  .    o - ring of poison resistance
Will    .....                    r - ring of resist corrosion
Stlth   +++++++...               B - ring of protection from cold
HPRegen 1.14/turn                C - +4 ring of protection
MPRegen 0.13/turn                (no ring)
                                 (no ring)
                                 (no ring)

@: very slow
A: almost no armour, amphibious, 8 rings, camouflage 1, gelatinous body 1,
(nimble swimmer 1), tentacles
a: Renounce Religion, Bend Time, Temporal Distortion, Slouch, Step From Time


You were on level 13 of the Dungeon.
You worshipped Cheibriados.
Cheibriados was exalted by your worship.
You visited 2 branches of the dungeon, and saw 14 of its levels.
You also visited: Sewer.

You collected 885 gold pieces.

Inventory:

Missiles
 x - 6 throwing nets (quivered)
Jewellery
 f - a ring of protection from cold (left tentacle)
 o - a ring of poison resistance (right tentacle)
 r - a ring of resist corrosion (on tentacle)
 s - the amulet "Zijasaba" (around mantle) {Spirit Drain Regen+ rCorr Dex+6}
   (You took it off an orc on level 3 of the Dungeon)

   [amulet of guardian spirit]

   It causes incoming damage to be divided between your reserves of health and
   magic.
   Dex:       It affects your dexterity (+6).
   Regen:     It increases your rate of health regeneration.
   rCorr:     It protects you from acid and corrosion.
   Drain:     It drains your maximum health when unequipped.
 B - a ring of protection from cold (on tentacle)
 C - a +4 ring of protection (on tentacle)
 N - a ring of protection from cold
Wands
 F - a wand of acid (7)
 G - a wand of flame (25)
 J - a wand of charming (5)
 K - a wand of mindburst (2)
Scrolls
 c - 14 scrolls of identify {unknown}
 d - 8 scrolls of teleportation {unknown}
 h - 7 scrolls of fog {unknown}
 j - 3 scrolls of summoning {unknown}
 k - 6 scrolls of blinking {unknown}
 l - 4 scrolls of fear {unknown}
 n - 3 scrolls of noise {unknown}
 q - 2 scrolls of enchant armour {unknown}
 v - a scroll of amnesia {unknown}
 w - 5 scrolls of magic mapping {unknown}
 y - 2 scrolls of silence {unknown}
 A - 2 scrolls of poison {unknown}
 D - 2 scrolls of vulnerability {unknown}
 L - a scroll of torment {unknown}
Potions
 a - 11 potions of curing
 b - 3 potions of brilliance {unknown}
 e - 3 potions of cancellation {unknown}
 g - 5 potions of heal wounds {unknown}
 i - a potion of invisibility {unknown}
 m - 2 potions of magic {unknown}
 p - 5 potions of berserk rage {unknown}
 t - 2 potions of degeneration {unknown}
 u - 3 potions of lignification {unknown}
 z - 2 potions of might {unknown}
 E - 2 potions of ambrosia
 H - a potion of haste {unknown}
 I - 2 potions of flight {unknown}
 M - a potion of attraction {unknown}
Miscellaneous
 O - a phial of floods


   Skills:
 - Level 9.3 Fighting
 - Level 8.2 Dodging
 - Level 10.3 Stealth
 * Level 16.6 Unarmed Combat


You had 11 spell levels left.
You didn't know any spells.
Your spell library contained the following spells:

 Spells                   Type           Power      Damage    Failure   Level
 Sandblast                Erth           0%         2d4       9%          1
 Summon Small Mammal      Summ           0%         N/A       9%          1
 Blink                    Tloc           0%         N/A       14%         2
 Ensorcelled Hibernation  Hex/Ice        0%         N/A       14%         2
 Momentum Strike          Conj/Tloc      0%         3d8       14%         2
 Passwall                 Tmut/Erth      0%         N/A       14%         2
 Call Canine Familiar     Summ           0%         N/A       26%         3
 Gell's Gravitas          Tloc           0%         N/A       26%         3
 Ignite Poison            Fire/Tmut/Pois 0%         N/A       26%         3
 Inner Flame              Hex/Fire       0%         N/A       26%         3
 Kindle Blastsparks       Fire/Tloc/Air  0%         2d10      26%         3
 Lesser Beckoning         Tloc           0%         N/A       26%         3
 Stone Arrow              Conj/Erth      0%         3d7       26%         3
 Summon Guardian Golem    Hex/Summ       0%         N/A       26%         3
 Swiftness                Air            0%         N/A       26%         3
 Teleport Other           Tloc           0%         N/A       26%         3
 Animate Dead             Necr           0%         N/A       65%         4
 Cause Fear               Hex            0%         N/A       65%         4
 Borgnjor's Vile Clutch   Necr/Erth      0%         N/A       94%         5
 Freezing Cloud           Conj/Ice/Air   0%         6-21      94%         5
 Death Channel            Necr           0%         N/A       100%        6
 Discord                  Hex            0%         N/A       100%        8
 Chain Lightning          Conj/Air       0%         N/A       100%        9
 Fire Storm               Conj/Fire      0%         5d1       100%        9
 Shatter                  Erth           0%         3d5*      100%        9


Dungeon Overview and Level Annotations

Branches:
Dungeon (13/15)            Temple (1/1) D:7            Lair (0/5) D:10
    Orc (0/2) D:9           Sewer (visited)
 Vaults: D:13-14

Altars:
Ashenzari
Cheibriados
Dithmenos
Elyvilon
Fedhas
Gozag
Hepliaklqana
Kikubaaqudgha
Makhleb
Nemelex Xobeh
Okawaru
Qazlal
Ru
Sif Muna
Trog
Uskayaw
Vehumet
Wu Jian
Xom
Yredelemnul
Zin
The Shining One

Shops:
D:8 *

Annotations:
D:11 exclusion: orange crystal statue


Innate Abilities, Weirdness & Mutations

You cannot wear most types of armour.
You are amphibious.
You can wear up to eight rings at the same time.
Your skin changes colour to match your surroundings (Stealth+).
Your rubbery body absorbs attacks. (AC +1, EV +1)
((You are camouflaged when in or above water. (Stealth+)))
You have tentacles for arms and can constrict up to eight enemies at once.


Message History

The manticore claws you.
* * * LOW HITPOINT WARNING * * *
The centaur unwields a +0 shortbow.
The centaur closely misses you. The centaur barely misses you.
The centaur closely misses you. The centaur misses you.
You tentacle-slap the manticore. You tentacle-slap the manticore!
You kill the manticore!
Cheibriados appreciates the change of pace.
The centaur misses you. The centaur closely misses you.
The centaur completely misses you. The centaur misses you.
You batter the centaur!!
You kill the centaur!
Cheibriados thoroughly appreciates the change of pace.
The centaur completely misses you. x2
The barbs in your skin will harm you if you move.
Continue?
Okay, then.
You batter the centaur!!
The centaur is almost dead.
The centaur hits you but does no damage.
The centaur misses you.
You barely miss the centaur.
The centaur is almost dead.
You carefully extract the barbed spikes from your body.
The centaur completely misses you. The centaur kicks you.
* * * LOW HITPOINT WARNING * * *
You bludgeon the centaur!
You kill the centaur!
Cheibriados appreciates the change of pace.
Cheibriados raises the support of your attributes as your movement slows.
You see here a +0 shortbow.
You open the door.
There is an open door here.
A yaktaur captain comes into view.
The yaktaur captain wields a +0 arbalest.
The yaktaur captain shoots a bolt.
The bolt hits you!
The yaktaur captain shoots a bolt.
The bolt barely misses you.
The yaktaur captain shoots a bolt.
The bolt hits you!!
The yaktaur captain shoots a bolt.
The bolt hits you!!
The yaktaur captain shoots a bolt.
The bolt hits you!!!
You die...

##############################
.....................†........
...........####.....)))...##.
..........####....#^.#...##.
..#.#.#.#...........#......##.
.............@................
..###.#c###########'##########
#.......... #...##.......
#.#........ #...##.......
.....######..####+#########
c.. ... ##..#...........##
.........# #.................
.... ....#. #...........###...
###......#..#...8.8.....# #..#


You could see a yaktaur captain.

Vanquished Creatures
  Harold (D:10)
  3 two-headed ogres
  A centaur warrior (D:13)
  2 tengu warriors (D:13)
  A flayed ghost (D:12)
  2 deep elf pyromancers
  A manticore (D:13)
  3 cyclopes
  An ugly thing (D:12)
  A gargoyle (D:10)
  2 unseen horrors
  2 komodo dragons (D:10)
  7 trolls
  12 slime creatures
  11 yaks
  2 shadows (D:12)
  4 wraiths (D:12)
  2 wyverns (D:10)
  2 basilisks
  7 vampire mosquitoes
  2 steam dragons
  2 acid dragons (D:12)
  2 water moccasins
  9 orc warriors
  An ice beast (D:7)
  2 sky beasts
  A black bear (D:7)
  8 centaurs
  2 phantoms
  3 kobold brigands (Sewer)
  3 bullfrogs
  3 gnoll sergeants
  A necrophage (D:6)
  3 scorpions
  3 wights (D:9)
  13 killer bees
  4 howler monkeys
  An electric eel (D:9)
  A crimson imp (D:3)
  9 orc priests
  2 hounds (D:6)
  3 jellies
  A gnoll bouda (D:7)
  5 iguanas
  16 orc wizards
  20 gnolls
  15 adders
  3 river rats
  3 white imps
  2 ufetubi
  A worm (D:2)
  4 dart slugs
  52 orcs
  16 ball pythons
  19 bats
  5 bat skeletons (D:9)
  3 endoplasms
  3 giant cockroaches
  7 goblins
  6 hobgoblins
  2 jackals (Sewer)
  17 kobolds
  2 quokkas
  6 frilled lizards
  2 goblin skeletons (D:3)
  2 goblin zombies (D:3)
  A hobgoblin zombie (D:3)
  2 kobold zombies (D:3)
  An orc skeleton (D:3)
  13 rats
374 creatures vanquished.

Vanquished Creatures (others)
  A goblin (D:3)
  A plant (Sewer)
2 creatures vanquished.

Grand Total: 376 creatures vanquished

Notes
Turn   | Place    | Note
-------+----------+-------------------------------------------
     0 | D:1      | gruber the Octopode Monk began the quest for the Orb.
     0 | D:1      | Reached XP level 1. HP: 16/16 MP: 1/1
    60 | D:1      | Reached XP level 2. HP: 21/21 MP: 2/2
   326 | D:1      | Reached skill level 4 in Unarmed Combat
   346 | D:1      | Reached XP level 3. HP: 25/26 MP: 3/3
   717 | D:2      | Found a glowing silver altar of Zin.
   835 | D:2      | Reached XP level 4. HP: 31/31 MP: 4/4
   851 | D:2      | Reached skill level 5 in Unarmed Combat
   882 | D:2      | You fall into a shaft and drop 1 floor!
   902 | D:3      | Found a glowing drain.
   915 | Sewer    | Entered a sewer
   979 | Sewer    | Noticed a kobold brigand
  1053 | Sewer    | Killed a kobold brigand
  1054 | Sewer    | Reached skill level 6 in Unarmed Combat
  1054 | Sewer    | Reached XP level 5. HP: 36/36 MP: 5/5
  1216 | Sewer    | Noticed a kobold brigand
  1224 | Sewer    | Killed a kobold brigand
  1225 | Sewer    | Reached XP level 6. HP: 25/42 MP: 6/6
  1388 | Sewer    | Reached skill level 7 in Unarmed Combat
  1946 | D:2      | Identified the +2 pair of gloves of Grottiness {Harm}
  2274 | D:2      | Found a faded altar of an unknown god.
  2428 | D:3      | Found a radiant altar of Vehumet.
  2428 | D:3      | Found a shimmering blue altar of Sif Muna.
  2492 | D:3      | Reached XP level 7. HP: 22/46 MP: 7/7
  2622 | D:3      | Identified the amulet "Zijasaba" {Spirit Drain Regen+ rCorr
                  | Dex+6}
  2814 | D:3      | Found a white marble altar of Elyvilon.
  2839 | D:3      | Found a glowing golden altar of the Shining One.
  2858 | D:3      | Reached skill level 8 in Unarmed Combat
  3140 | D:4      | Found an ornate altar of the Wu Jian Council.
  3433 | D:4      | Found a stormy altar of Qazlal.
  3820 | D:5      | Entered Level 5 of the Dungeon
  4042 | D:5      | Reached XP level 8. HP: 43/54 MP: 4/8
  4090 | D:5      | Reached skill level 5 in Dodging
  4567 | D:6      | Found a basalt altar of Yredelemnul.
  4867 | D:6      | Found an opulent altar of Gozag.
  5120 | D:7      | Reached XP level 9. HP: 38/58 MP: 7/9
  5243 | D:7      | Found a staircase to the Ecumenical Temple.
  5345 | D:7      | Reached skill level 9 in Unarmed Combat
  5486 | D:7      | Found a shimmering altar of Xom.
  5941 | D:8      | Found a blossoming altar of Fedhas.
  5994 | D:8      | Noticed a two-headed ogre
  6000 | D:8      | Found Paynojus's General Store.
  6015 | D:8      | Killed a two-headed ogre
  6016 | D:8      | Reached skill level 10 in Unarmed Combat
  6091 | D:8      | Reached skill level 11 in Unarmed Combat
  6134 | D:8      | Noticed a lindwurm
  6183 | D:8      | Noticed a troll
  6187 | D:8      | Reached XP level 10. HP: 64/64 MP: 10/10
  6274 | D:8      | Reached skill level 12 in Unarmed Combat
  6370 | D:8      | Reached skill level 5 in Fighting
  6596 | D:8      | Noticed a lindwurm
  6596 | D:8      | Noticed a lindwurm
  6814 | D:8      | Noticed a lindwurm
  7049 | Temple   | Entered the Ecumenical Temple
  7063 | Temple   | Became a worshipper of Cheibriados the Contemplative
  7063 | Temple   | Reached * piety under Cheibriados
  7063 | Temple   | Reached ** piety under Cheibriados
  7318 | D:9      | Noticed a cyclops
  7322 | D:9      | Killed a cyclops
  7497 | D:9      | Found a staircase to the Orcish Mines.
  7604 | D:9      | Reached *** piety under Cheibriados
  7617 | D:9      | Found an ancient bone altar of Kikubaaqudgha.
  7790 | D:10     | Entered Level 10 of the Dungeon
  7800 | D:10     | Reached XP level 11. HP: 80/80 MP: 11/11
  7934 | D:10     | Reached skill level 5 in Stealth
  8041 | D:10     | Found a staircase to the Lair.
  8102 | D:10     | Identified the +2 cloak of Yscha {rElec rCorr Str-4 Dex+2}
  8204 | D:10     | Noticed Harold
  8214 | D:10     | Killed Harold
  8328 | D:10     | Reached **** piety under Cheibriados
  8478 | D:10     | Found a sparkling altar of Nemelex Xobeh.
  8532 | D:10     | Reached skill level 10 in Stealth
  8821 | D:11     | Noticed a two-headed ogre
  8831 | D:11     | Killed a two-headed ogre
  8887 | D:11     | Noticed an orange crystal statue
  8933 | D:11     | Noticed a cyclops
  8956 | D:11     | Killed a cyclops
  9041 | D:11     | Reached skill level 13 in Unarmed Combat
  9727 | D:12     | Noticed a deep elf pyromancer
  9731 | D:12     | Killed a deep elf pyromancer
  9731 | D:12     | Noticed a green ugly thing
  9732 | D:12     | Reached XP level 12. HP: 85/85 MP: 12/12
  9752 | D:12     | Noticed a two-headed ogre
  9943 | D:12     | Found a runed translucent door.
  9952 | D:12     | Found an iron altar of Okawaru.
  9957 | D:12     | Reached ***** piety under Cheibriados
  9965 | D:12     | Found an ancient bone altar of Kikubaaqudgha.
  9975 | D:12     | Found a shimmering blue altar of Sif Muna.
 10009 | D:12     | Found a shimmering altar of Xom.
 10019 | D:12     | Found a glowing silver altar of Zin.
 10043 | D:12     | Reached skill level 14 in Unarmed Combat
 10108 | D:12     | Found a shimmering blue altar of Sif Muna.
 10262 | D:12     | Killed a two-headed ogre
 10615 | D:12     | Reached skill level 15 in Unarmed Combat
 11130 | D:13     | Noticed a tengu warrior
 11131 | D:13     | Noticed a tengu warrior
 11143 | D:13     | Killed a tengu warrior
 11145 | D:13     | Killed a tengu warrior
 11374 | D:13     | Reached skill level 16 in Unarmed Combat
 11584 | D:13     | Noticed a centaur warrior
 11594 | D:13     | Killed a centaur warrior
 11601 | D:13     | Reached ****** piety under Cheibriados
 11694 | D:13     | Noticed a yaktaur captain
 11700 | D:13     | Shot with a bolt by a yaktaur captain

Illustrated notes

Levels and vault maps discovered:
D:1:      dpeg_arrival_pond, layout_rooms, minmay_misc_feat_tower
D:2:      layout_loops_ring, basic_altar, chequers_ecumenical_altar_grove,
          st_stairs_1
D:3:      layout_loops_ring, elyvilon_altar_4, gammafunk_temple_overflow_pools,
          nicolae_tso_besieged_by_evil, portal_sewer_entry_c,
          corexii_item_surrounded_by_moat, minmay_randomly_rotated_circles
D:4:      layout_rooms, mainiacjoe_overflow_cross_hatched,
          mainiacjoe_overflow_alcove_2, minmay_fractal_squares_diagonal_5
D:5:      layout_rooms, serial_bayou_lagoon_a, feat_on_display
D:6:      layout_loops_ring, old_standard_altar, nicolae_gozag_seed_capital
D:7:      layout_loops_ring, mainiacjoe_overflow_brackets,
          minmay_temple_entry_from_below_a
D:8:      layout_basic, fedhas_altar_2, serial_shops, kennysheep_mini,
          minmay_lindwurm_lava
D:9:      layout_big_octagon, kennysheep_vampire_church,
          minmay_orc_entry_temple_small, lightli_minifort
D:10:     layout_small_grid, nemelex_xobeh_ov_fountains_minmay,
          erik_lair_dragon, uniq_harold
D:11:     layout_irregular_city, minivault_16
D:12:     due_megacathedral, layout_loops_corners, minmay_tree_intersection,
          minmay_increasing_density
D:13:     layout_stronghold, david_vaults_2, serial_column_ruins,
          column_ruins_hut, column_ruins_hut_water, column_ruins_open_tiny,
          column_ruins_grid_3, column_ruins_corridor_corner,
          column_ruins_columns_straight, column_ruins_corridor_T,
          column_ruins_columns_water, column_ruins_open_small
Temple:   hellmonk_temple_rainy

Skill      XL: |  1  2  3  4  5  6  7  8  9 10 11 12 |
---------------+-------------------------------------+-----
Unarmed Combat | 4 6 7 8 11 12 13 16 | 16.6
Fighting       | 4 9 |  9.3
Dodging        | 4 8 |  8.2
Stealth        | 10 | 10.3

Action                   |  1- 3 |  4- 6 |  7- 9 | 10-12 || total
-------------------------+-------+-------+-------+-------++-------
Melee: Unarmed           |    52 |   137 |   308 |   542 ||  1039
       Constrict         |    15 |    37 |    60 |    69 ||   181
       Tentacles         |    11 |    26 |    85 |   141 ||   263
       Punch             |     1 |     4 |    24 |    63 ||    92
Evoke: Wand              |       |       |     2 |     4 ||     6
  Use: Potion            |       |     1 |     2 |       ||     3
 Stab: Sleeping          |     8 |    11 |    19 |    19 ||    57
       Distracted        |       |       |     2 |     3 ||     5
Armor: Skin              |     7 |     9 |    27 |    47 ||    90
Dodge: Dodged            |    29 |    93 |   173 |   526 ||   821

Table legend: (Time is in decaauts)
 A = Elapsed time spent in this place.
 B = Non-inter-level travel time spent in this place.
 C = Inter-level travel time spent in this place.
 D = Time resting spent in this place.
 E = Time spent auto-exploring this place.
 F = Levels seen in this place.
 G = Mean time per level.
                   A        B        C        D        E       F      G
               +--------+--------+--------+--------+--------+-----+--------+
         Total |  13969 |  13404 |    565 |      3 |  10590 |  15 |  931.3 |
       Dungeon |  13222 |  12674 |    548 |      3 |  10029 |  13 | 1017.1 |
        Temple |     31 |     15 |     16 |      0 |      0 |   1 |   31.0 |
         Sewer |    716 |    716 |      0 |      0 |    561 |   1 |  716.0 |
               +--------+--------+--------+--------+--------+-----+--------+

Top non-repeatable levels by time:
    D:12: 2349 daAuts
    D:10: 1508 daAuts
    D:11: 1249 daAuts
     D:8: 1187 daAuts
     D:3: 1020 daAuts
    D:13: 925 daAuts
     D:7: 899 daAuts
     D:9: 851 daAuts
     D:2: 845 daAuts
     D:6: 734 daAuts
   Sewer: 716 daAuts
     D:4: 672 daAuts
     D:1: 529 daAuts
     D:5: 447 daAuts
  Temple: 31 daAuts
